 Dungeon Crawl Stone Soup version 0.22.1-5-g62c59d919a (webtiles) character file.

500 Peloso the Slasher (level 6, -4/53 HPs)
             Began as a Minotaur Fighter on Jan 12, 2019.
             Killed by divine providence
             ... invoked by an orc priest
              (13 damage)
             ... on level 5 of the Dungeon.
             The game lasted 00:04:58 (3043 turns).

Peloso the Slasher (Minotaur Fighter)               Turns: 3043, Time: 00:04:59

Health: -4/53      AC: 12    Str: 21    XL:     6   Next: 94%
Magic:  0/5        EV:  4    Int:  5    God:
Gold:   192        SH: 10    Dex: 11    Spells: 5/5 levels left

rFire    . . .     SeeInvis .   a - +0 long sword
rCold    . . .     Gourm    .   c - +0 shield
rNeg     . . .     Faith    .   j - +0 plate armour
rPois    .         Spirit   +   (helmet restricted)
rElec    .         Reflect  .   p - scarf {Spirit}
rCorr    .         Harm     .   (no gloves)
MR       .....                  (no boots)
Stlth    ..........             (no amulet)
HPRegen  0.17/turn              (no ring)
MPRegen  0.09/turn              (no ring)

@: no status effects
A: retaliatory headbutt, horns 2
a: no special abilities


You were on level 5 of the Dungeon.
You were very hungry.

You visited 1 branch of the dungeon, and saw 5 of its levels.

You collected 192 gold pieces.

Inventory:

Hand Weapons
 a - a +0 long sword (weapon)
Armour
 b - a +0 scale mail
 c - a +0 shield (worn)
 e - a +1 cloak
 j - a +0 plate armour (worn)
 p - a scarf of spirit shield (worn)
Jewellery
 r - an uncursed ring of fire {unknown}
Wands
 n - a wand of polymorph (13)
Scrolls
 k - a scroll of enchant weapon {unknown}
 l - 2 scrolls of remove curse {unknown}
 m - a scroll of identify {unknown}
Potions
 d - 4 potions of might
 g - 3 potions of haste {unknown}
 h - 2 potions of curing {unknown}
 i - a potion of agility {unknown}
 o - a potion of mutation {unknown}
 q - 2 potions of lignification {unknown}
Comestibles
 f - 9 rations


   Skills:
 + Level 4.6 Fighting
 + Level 5.9 Long Blades
 + Level 5.4 Armour
 + Level 0.1 Stealth
 + Level 5.8 Shields


You had 5 spell levels left.
You didn't know any spells.
Your spell library was empty.

Dungeon Overview and Level Annotations

Branches:
Dungeon (5/15)
 Temple: D:4-7

Altars:
Hepliaklqana


Innate Abilities, Weirdness & Mutations

You reflexively headbutt those who attack you in melee.
You have a pair of horns on your head.


Message History

The orc priest mumbles some strange prayers to Beogh against you.
Beogh smites you! You block the leopard gecko's attack.
You hit the orc priest. Your headbutt misses the orc priest.
The orc priest is almost dead.
You block the leopard gecko's attack.
The orc priest looks satisfied for a moment.
You block the leopard gecko's attack.
The orc priest invokes the aid of Beogh against you.
Pain shoots through your body!
* * * LOW HITPOINT WARNING * * *
Your shield prevents you from hitting the orc priest.
The orc priest is almost dead.
You block the leopard gecko's attack. The orc priest hits you with a flail.
* * * LOW HITPOINT WARNING * * *
You closely miss the orc priest.
The orc priest is almost dead.
You block the leopard gecko's attack. The jelly hits you but does no damage.
The orc priest mumbles some strange prayers to Beogh against you.
Beogh smites you!
You die...

###### ##########......
....[...........
##..>......)...
#.....######## #.<...#
#.....# ####.....# ##
#####l@o.....#####.#
##..|.J##......##...#
......####..........####
.......# #)o...##......#
........##.###.........#
.......................#
...............##......#
.......o.####..........#
......... ....##...[..#


You could see a jelly, an orc priest and a leopard gecko.

Vanquished Creatures
  A sky beast (D:4)
  A hound (D:5)
  2 orc wizards (D:5)
  A gnoll shaman (D:4)
  A hound zombie (D:4)
  8 gnolls (D:4)
  11 adders
  An ooze (D:3)
  An adder skeleton (D:4)
  2 worms
  2 dart slugs (D:1)
  3 leopard geckos
  4 orcs
  7 bats
  3 giant cockroaches
  11 goblins
  11 hobgoblins
  4 jackals
  5 kobolds
  A quokka (D:2)
  A ball python (D:1)
  6 frilled lizards
  6 rats
93 creatures vanquished.

Notes
Turn   | Place    | Note
-------+----------+-------------------------------------------
     0 | D:1      | Peloso the Minotaur Fighter began the quest for the Orb.
     0 | D:1      | Reached XP level 1. HP: 19/19 MP: 0/0
    90 | D:2      | Reached XP level 2. HP: 27/27 MP: 1/1
   398 | D:2      | Reached XP level 3. HP: 34/34 MP: 2/2
   641 | D:2      | Found a hazy altar of Hepliaklqana.
   849 | D:2      | Reached XP level 4. HP: 38/41 MP: 3/3
  2045 | D:4      | Reached XP level 5. HP: 38/47 MP: 4/4
  2068 | D:4      | Reached skill level 5 in Shields
  2177 | D:4      | Noticed a sky beast
  2195 | D:4      | Killed a sky beast
  2195 | D:4      | Reached skill level 5 in Long Blades
  2195 | D:4      | Reached skill level 5 in Armour
  2195 | D:4      | Reached XP level 6. HP: 29/53 MP: 5/5
  2969 | D:5      | Entered Level 5 of the Dungeon
  3043 | D:5      | Killed from afar by an orc priest

Skill      XL: |  1  2  3  4  5 |
---------------+----------------+-----
Fighting       | 4 |  4.6
Armour         | 4 5 |  5.4
Shields        | 4 5 |  5.8
Long Blades    | 3 4 5 |  5.9
Stealth        | |  0.1

Action                   |  1- 3 |  4- 6 || total
-------------------------+-------+-------++-------
Melee: Long sword        |    61 |   212 ||   273
       Headbutt          |    10 |    39 ||    49
  Eat: Chunk             |       |     6 ||     6
Armor: Scale mail        |    24 |     3 ||    27
       Plate armour      |       |   155 ||   155
Dodge: Dodged            |    23 |    36 ||    59
Block: Shield            |    27 |   122 ||   149
       Rpst.: Long sword |     5 |    10 ||    15
